[Event "Croatian 1B League 2022"]
[Site "Porec"]
[Date "2022.10.01"]
[Round "8.1"]
[White "Dobrovoljc, Vid"]
[Black "Neugebauer, Martin"]
[Result "1/2-1/2"]
[ECO "B51"]
[WhiteElo "2402"]
[BlackElo "2517"]
[Annotator "TA"]
[PlyCount "89"]
[EventDate "2022.09.24"]
[EventType "team-tourn"]
[EventCountry "CRO"]
[SourceTitle "playchess.com"]
[Source "ChessBase"]
[SourceQuality "1"]
[TimeControl "40/5400+30:1800+30"]

1. e4 c5 2. Nf3 d6 3. Bb5+ Nc6 4. O-O Bd7 5. Re1 Nf6 6. c3 a6 7. Bf1 Bg4 8. d4 cxd4 9. cxd4 d5 10. exd5 {[%emt 0:04:46] B51: Sicilian: Moscow Variation (3 Bb5+) without 3...Bd7.} Nxd5 11. Nc3 e6 12. h3 {[%emt 0:02:04] White has an edge.} Bxf3 13. Qxf3 {[%emt 0:00:49] Nxd5 is the strong threat.} Be7 14. Rd1 {[%emt 0:15:45] [#]} Bf6 $146 ({Predecessor:} 14... O-O 15. g3 Qd7 16. Nxd5 Qxd5 17. Qxd5 exd5 18. a3 Rac8 19. Be2 Na5 20. Rd3 g6 {½-½ (53) Baranowski,T (2368)-Weber,K (2337) ICCF email 2020}) 15. Bc4 Nxc3 16. bxc3 O-O 17. Bb3 {[%emt 0:05:36] White is more active.} Qa5 18. Bf4 Rac8 19. Rac1 Qa3 (19... Bg5 $11) 20. d5 $14 Na5 21. c4 (21. dxe6 $6 Nxb3 22. axb3 Qxb3 $11) (21. Bc2 $5 Rxc3 22. Qe4 $16) 21... Bb2 (21... exd5 $14 22. cxd5 (22. Rxd5 Rfd8 $14) 22... Nxb3 23. axb3 (23. Qxb3 Qxb3 24. axb3 Rxc1 $14) 23... Rxc1 24. Bxc1 (24. Rxc1 Be5 $11) 24... Qd6) 22. Rc2 (22. Rb1 $142 $1) 22... e5 $16 23. Bd2 $36 {[%emt 0:09:04][%mdl 2048] Strongly threatening Bxa5. White has good play.} Bd4 24. Bc3 Bxc3 ({Better is} 24... b5 $14 25. Bxd4 exd4) 25. Qxc3 (25. Rxc3 $6 Qd6 $11) 25... Nxc4 26. d6 $1 {[%emt 0:04:03][%cal Bd5d6,Bd6d7][%mdl 32] Black must now prevent d7.} (26. Bxc4 Qxc3 27. Rxc3 b5 $11) 26... b5 27. d7 {[%emt 0:01:28][%mdl 64] Deflection} (27. Bxc4 Qxc3 28. Rxc3 Rxc4 29. Rxc4 bxc4 $11) 27... Rcd8 {[%emt 0:00:02] [#]} 28. Qd3 $1 ({Don't take} 28. Bxc4 $6 Qxc3 29. Rxc3 bxc4 $16) 28... Qe7 29. Bxc4 {[%emt 0:00:04] Threatens to win with Bb3.} bxc4 30. Rxc4 Qe6 31. Ra4 e4 32. Qd5 ({Don't play} 32. Rxe4 $6 Rxd7 33. Rxe6 (33. Qxd7 Qxe4 34. Qd5 Qc2 $11) 33... Rxd3 34. Rxd3 fxe6 $16) 32... e3 {[%emt 0:00:35] [#]} 33. fxe3 Qxe3+ 34. Kh1 Qe2 35. Re4 Qb5 36. Qxb5 axb5 $18 {[%emt 0:00:01][%mdl 4096] Endgame KRR-KRR} 37. Rb4 Ra8 38. Rxb5 Rfd8 39. Rb7 ({White should play} 39. a4 $18) 39... Kf8 $1 $14 {[%emt 0:00:04] White is slightly better.} 40. Rd2 Ke7 41. Kg1 Ra5 42. Kf2 f5 43. Kf3 g5 44. h4 h6 45. Re2+ {[%emt 0:03:18] Black escapes into a draw.  Weighted Error Value: White=0.13 (very precise) /Black=0.12 (very precise)} 1/2-1/2

[Event "Croatian 1B League 2022"]
[Site "Porec"]
[Date "2022.10.01"]
[Round "8.3"]
[White "Golubovic, Boris"]
[Black "Makaj, Marko"]
[Result "1/2-1/2"]
[ECO "B06"]
[WhiteElo "2360"]
[BlackElo "2387"]
[Annotator "TA"]
[PlyCount "34"]
[EventDate "2022.09.24"]
[EventType "team-tourn"]
[EventCountry "CRO"]
[SourceTitle "playchess.com"]
[Source "ChessBase"]
[SourceQuality "1"]
[TimeControl "40/5400+30:1800+30"]

1. e4 g6 2. d4 Bg7 3. Nc3 d6 4. Be3 a6 5. Nf3 Nd7 6. Bd3 {[%emt 0:01:37] B06: Modern Defence.} e6 7. Qd2 h6 {[%emt 0:00:07] Prevents Bg5.} 8. O-O Ne7 9. a4 b6 10. Rfe1 {[%emt 0:01:05] White is more active.} Bb7 11. Rad1 {[%emt 0:00:19] [#] White took control after the opening.  Weighted Error Value: White=0.11 (very precise) /Black=0.19 (very precise)} {Predecessor:} g5 $146 12. h3 Rg8 13. d5 e5 14. Ne2 Ng6 15. Ng3 Kf8 16. Nf5 Nf4 17. Kh2 Bc8 {0-1 (42) Mayaud,R (2202)-Mortazavi,A (2333) Chess.com INT 2021} 1/2-1/2

[Event "Croatian 1B League 2022"]
[Site "Porec"]
[Date "2022.10.01"]
[Round "8.4"]
[White "Majeric, Zoran"]
[Black "Zelenika, Srdjan"]
[Result "1/2-1/2"]
[ECO "B31"]
[WhiteElo "2247"]
[BlackElo "2207"]
[Annotator "TA"]
[PlyCount "20"]
[EventDate "2022.09.24"]
[EventType "team-tourn"]
[EventCountry "CRO"]
[SourceTitle "playchess.com"]
[Source "ChessBase"]
[SourceQuality "1"]
[TimeControl "40/5400+30:1800+30"]

1. e4 c5 2. Nf3 Nc6 3. Bb5 g6 4. O-O Bg7 5. Re1 Nf6 6. c3 O-O 7. d4 cxd4 8. e5 Nd5 9. cxd4 d6 10. h3 {[%emt 0:00:50] [#] B31: Sicilian: 2...Nc6 3 Bb5 g6.} Bd7 $146 {[%emt 0:03:57] A rather calm draw.} (10... Qb6 $15 11. Qa4 Be6) ({Predecessor:} 10... dxe5 11. dxe5 Ndb4 12. Qe2 a6 13. Bxc6 Nxc6 14. Bf4 Nd4 15. Nxd4 Qxd4 16. Bg5 Re8 17. Nc3 Be6 {0-1 (61) Gijsen,W (2022)-Mastrovasilis,A (2540) Chania 2022}) 1/2-1/2

[Event "Croatian 1B League 2022"]
[Site "Porec"]
[Date "2022.10.01"]
[Round "8.5"]
[White "Klobucar, Dean"]
[Black "Vlahov, Davor"]
[Result "1/2-1/2"]
[ECO "B19"]
[WhiteElo "2196"]
[BlackElo "2196"]
[Annotator "TA"]
[PlyCount "51"]
[EventDate "2022.09.24"]
[EventType "team-tourn"]
[EventCountry "CRO"]
[SourceTitle "playchess.com"]
[Source "ChessBase"]
[SourceQuality "1"]
[TimeControl "40/5400+30:1800+30"]

1. e4 c6 2. d4 d5 3. Nc3 dxe4 4. Nxe4 Bf5 5. Ng3 Bg6 6. h4 h6 7. h5 Bh7 8. Bd3 Bxd3 9. Qxd3 Nf6 10. Nf3 Nbd7 11. Bf4 Qa5+ 12. Bd2 Qc7 {[%emt 0:00:06] [#]} {Predecessor:} 13. O-O-O $146 {B19: Classical Caro-Kann: 4...Bf5 main line.} e6 14. Ne4 O-O-O 15. g3 Nc5 16. Nxc5 Bxc5 17. c4 Bd6 18. Bc3 Rhe8 19. Kb1 Kb8 20. Qe2 Ka8 21. Ne5 c5 22. dxc5 Bxc5 23. g4 Bd6 24. f3 a6 25. Rd3 Bxe5 26. Bxe5 {1-0 (40) Banikas,H (2598)-Skembris,S (2399) Thessaloniki 2022} 1/2-1/2

[Event "Croatian 1B League 2022"]
[Site "Porec"]
[Date "2022.10.01"]
[Round "8.6"]
[White "Tomerlin, Sinisa"]
[Black "Cubric, Andrija"]
[Result "0-1"]
[ECO "B22"]
[WhiteElo "2184"]
[BlackElo "1830"]
[Annotator "TA"]
[PlyCount "114"]
[EventDate "2022.09.24"]
[EventType "team-tourn"]
[EventCountry "CRO"]
[SourceTitle "playchess.com"]
[Source "ChessBase"]
[SourceQuality "1"]
[TimeControl "40/5400+30:1800+30"]

1. e4 c5 2. Nf3 Nc6 3. c3 Nf6 4. Qe2 e5 5. g3 Be7 (5... d5 $15 {might be stronger.} 6. d3 d4) 6. Bg2 {[%emt 0:00:11] B22: Sicilian: 2 c3.} O-O 7. O-O d6 (7... d5 $5 8. d3 d4 $15) 8. h3 {[%emt 0:02:43] [#]} (8. Na3 $11 {feels stronger.}) 8... h6 $146 ({Predecessor:} 8... Be6 9. Rd1 Qc7 10. d4 exd4 11. cxd4 cxd4 12. Nxd4 Nxd4 13. Rxd4 Qxc1+ 14. Rd1 Qc7 {0-1 (37) Zaksaite,S (2261)-Kejzar,P (2072) Chess.com INT 2021}) 9. Rd1 Qc7 10. d4 cxd4 11. cxd4 exd4 12. Na3 Qb6 13. Nc2 d5 14. e5 (14. exd5 $14 Nxd5 15. Nfxd4) 14... Ne4 $11 15. Ncxd4 Bc5 16. Be3 Re8 17. Rac1 Nxe5 18. Rxc5 Nxf3+ (18... Nxc5 19. Nxe5 Rxe5 20. Nf3 $15) (18... Qxc5 $19 {and Black stays clearly on top.} 19. Nxe5 Rxe5) 19. Nxf3 $17 Nxc5 20. Qc2 {[%emt 0:17:13] [#]} Rxe3 21. fxe3 Ne4 {[%emt 0:00:49] Hoping for ...Be6.} 22. Rxd5 Nxg3 {[%emt 0:03:43] And now ...Be6 would win.} ({Much worse is} 22... Qxe3+ 23. Kh2 Bxh3 24. Kxh3 $11) 23. Nd4 Be6 24. Rb5 Qd6 {[%emt 0:02:06] ...Rc8 is the strong threat.} 25. Bxb7 (25. Qc5 $1 $11 Ne4 26. Qe5 Qxe5 27. Rxe5) 25... Rb8 26. Qc6 {[%emt 0:01:29] [#]} Qe7 {[%emt 0:01:55] Black is more active.} (26... Qd8 $1 $17 {Strongly threatening ...Bd7.} 27. Qf3 Bd7) 27. Qf3 $11 Qh4 (27... Qc7 $5 28. b3 Bd7 $11) 28. Qf4 (28. Nxe6 $11 {keeps the balance.} fxe6 29. Qg4 Qxg4 30. hxg4) 28... Qxf4 $17 29. exf4 Bc4 30. Nc6 (30. Rb4 $142) 30... Bxb5 31. Nxb8 {[%emt 0:00:01][%mdl 4096] Endgame KBN-KBN} Ne2+ 32. Kh2 Nxf4 33. b3 Ne6 34. a4 Bd3 35. b4 g5 (35... Nd8 $17 36. Bd5 Kf8 37. Nd7+ Ke7) 36. Nc6 $15 a6 (36... Be4 $5 ) 37. Ne5 Be2 38. Bd5 Kg7 39. Nd7 Nf4 (39... Nc7 $15 40. Bb3 Ne6) 40. Bc6 Ne6 41. Nb8 (41. Bd5 $1 $11 {remains equal.}) 41... Nc7 42. Kg3 f5 (42... Kf6 $17 43. Bg2 Ke6) 43. Kf2 Bc4 44. Ke3 ({White has to play} 44. Nd7 $15) 44... Bf1 (44... f4+ $19 45. Kf3 Kf6) 45. Kd4 $2 ({Better is} 45. Kf2 $1 $15 Bc4 46. Nd7) 45... Kf6 $19 ({Wrong is} 45... Bxh3 $2 46. Bb7) 46. Kc5 Ke7 ({And not} 46... Bxh3 47. Kd6 g4 48. Kxc7 $11) 47. Kb6 $2 (47. Bd7 {is a better chance.} f4 48. Bg4) 47... Kd6 {[%emt 0:00:36] Threatens to win with ...Nd5+. Black is clearly winning.} 48. Bb7 g4 49. hxg4 fxg4 50. Nc6 Nd5+ 51. Ka5 Kc7 52. Nd8 Nxb4 53. Ne6+ Kxb7 54. Kxb4 g3 55. Nf4 g2 56. Nh3 Kb6 57. a5+ Kc6 {[%emt 0:00:14] Weighted Error Value: White=0.49/Black=0.17 (very precise)} 0-1

[Event "Croatian 1B League 2022"]
[Site "Porec"]
[Date "2022.10.01"]
[Round "8.7"]
[White "Ghersinich, Enrico"]
[Black "Doric, Darko"]
[Result "1/2-1/2"]
[ECO "D36"]
[WhiteElo "2145"]
[BlackElo "2457"]
[Annotator "TA"]
[PlyCount "222"]
[EventDate "2022.09.24"]
[EventType "team-tourn"]
[EventCountry "CRO"]
[SourceTitle "playchess.com"]
[Source "ChessBase"]
[SourceQuality "1"]
[TimeControl "40/5400+30:1800+30"]

1. d4 d5 2. c4 e6 3. Nc3 Nf6 4. cxd5 exd5 5. Bg5 Be7 6. e3 c6 7. Bd3 Nbd7 8. Nge2 O-O 9. Qc2 Re8 10. O-O Nf8 11. f3 g6 12. Rad1 Ne6 13. Bh4 b5 14. Kh1 Bb7 15. Bf2 Rc8 16. e4 b4 17. Na4 Qa5 18. Rc1 (18. e5 $5 Nd7 19. f4 $15) 18... dxe4 (18... Nd7 $15) 19. fxe4 $11 Ng4 20. Bg1 Bg5 (20... c5 $1 $11 21. d5 Nf8) 21. Nc5 $1 $16 Qc7 (21... Bxc1 22. Nxb7 Qc7 23. Qxc1 $16) (21... Nxc5 $142 22. Qxc5 Qxc5 23. Rxc5 Bd8) 22. h3 (22. Bc4 $1 $16) 22... Nf6 $1 $14 (22... Bxc1 $2 23. Nxc1 Nxc5 24. Qxc5 $18) 23. Rcd1 Qe7 (23... Nxc5 $14 24. dxc5 Qe7) 24. Nxb7 $16 Qxb7 25. Rf3 (25. Bc4 $16) 25... c5 $1 $14 26. d5 $1 (26. dxc5 Nxc5 27. Bxc5 Re5 $11) 26... Nf8 27. Rdf1 (27. Bxc5 $2 N8d7 28. Ng3 (28. Rxf6 $2 Bxf6 29. Qb1 Nxc5 $19) 28... Rxc5 $19) 27... N8d7 28. b3 Qb6 29. Bh2 Rcd8 ({Black should play} 29... Ne5 $14) 30. d6 $1 $18 Qb7 31. e5 $2 (31. Qc4 $6 Rxe4 32. Bxe4 Qxe4 $16) (31. Qb2 $18) 31... Nxe5 $14 32. Bxe5 ({Better is} 32. Rxf6 $16 {Strongly threatening Bxe5.} Bxf6 33. Rxf6 Nxd3 34. Qxd3) 32... Rxe5 $11 33. Rxf6 Bxf6 34. Rxf6 Kg7 35. Rf3 Rxd6 36. Bc4 f6 37. Rd3 Qe4 38. Rd2 (38. Ng3 Qf4 39. Qb1 Rxd3 40. Qxd3 Re1+ 41. Nf1 a5 42. Qd7+ Kh6 $17) 38... Qxc2 39. Rxc2 f5 40. Nf4 Re3 41. Kg1 g5 42. Ne2 $1 f4 43. Kf2 Kf6 44. Bg8 {[%emt 0:10:10] [#]} (44. g3 $11) 44... Kg7 (44... Re8 $1 $17 45. Bc4 Red8) 45. Bc4 $11 h6 46. Bb5 Kf6 47. g3 ({Of course not} 47. Rxc5 Re5 48. Rc6 Rxc6 49. Bxc6 Ra5 $17) 47... Rd5 48. Bc6 Rde5 49. gxf4 gxf4 50. Nxf4 Rc3 51. Rxc3 (51. Be4 $5) 51... bxc3 52. Ne2 ({Wrong is} 52. Nd5+ $2 {[#]} Rxd5 $1 53. Bxd5 c2 $19) 52... c2 53. Nc1 Kg5 (53... Rh5 $5 54. Bg2 $8 (54. Be4 $2 Rxh3 55. Ne2 Rh2+ 56. Bg2 Rh4 $19) 54... Rf5+ 55. Ke2 Rf4 $11) 54. Bb5 $1 Kh4 55. Bd3 $1 Rd5 56. Ke3 Kxh3 57. Bxc2 Kg3 58. Be4 Rd8 59. Nd3 h5 60. Nxc5 h4 61. Ne6 Rd1 62. Nf4 Rf1 63. Ne2+ Kg4 64. Bc6 Rf7 65. Ng1 Re7+ 66. Kf2 Rc7 67. Be4 Kf4 68. Bd3 Rc8 69. Ne2+ Kg4 70. Bc4 Rf8+ 71. Ke3 Re8+ 72. Kf2 h3 73. Bd5 Rf8+ 74. Kg1 Rd8 75. Nc3 Kg3 76. Ne2+ Kh4 77. Nc3 Rd7 78. a4 Rc7 79. Bc4 Rg7+ 80. Kh1 a5 81. Ne4 Rg2 82. Nc3 Kg3 83. Ne2+ Kh4 84. Nf4 Rc2 85. Nxh3 (85. Ne2 $11) 85... Kxh3 $17 86. Kg1 Kg3 87. Kf1 Kf3 88. Ke1 Ke3 89. Kd1 Rh2 90. Kc1 Kd4 91. Kb1 Kc3 92. Ka1 Kc2 93. Ka2 Kc1+ 94. Ka3 Kb1 (94... Rh4 $17 95. Bd5 Kb1) 95. b4 $1 $11 Kc2 96. bxa5 Kc3 97. Bd5 Rh5 98. Be6 Rxa5 99. Bd7 Rd5 100. Be6 Re5 101. Bf7 Re1 102. Ka2 Kb4 103. a5 $2 (103. Bh5 $11) 103... Re2+ $19 104. Ka1 Kxa5 $2 (104... Kc3 $19 105. a6 Re5) 105. Bg8 $2 (105. Kb1 $15) 105... Kb4 $19 106. Bf7 Kc3 107. Bg8 Re8 108. Bf7 Ra8+ 109. Kb1 Ra7 110. Bd5 Re7 111. Bg8 Re1+ $2 (111... Rb7+ $19 112. Ka2 Rb2+ 113. Ka1 Rf2) 1/2-1/2

[Event "Croatian 1B League 2022"]
[Site "Porec"]
[Date "2022.10.01"]
[Round "8.8"]
[White "Maksimovic, Bojan"]
[Black "Grbac, Ivica"]
[Result "1-0"]
[ECO "A43"]
[WhiteElo "2468"]
[BlackElo "2114"]
[Annotator "TA"]
[PlyCount "57"]
[EventDate "2022.09.24"]
[EventType "team-tourn"]
[EventCountry "CRO"]
[SourceTitle "playchess.com"]
[Source "ChessBase"]
[SourceQuality "1"]
[TimeControl "40/5400+30:1800+30"]

1. d4 c5 2. d5 Nf6 3. Nc3 d6 4. e4 g6 5. Be2 Bg7 6. Nf3 O-O 7. O-O a6 8. a4 Bg4 9. a5 Nbd7 10. Nd2 Bxe2 11. Qxe2 Qc7 {[%emt 0:00:32] A43: Schmid Benoni.} 12. Nc4 b5 13. axb6 $1 Nxb6 {[%emt 0:00:14] White is slightly better.} 14. Bd2 {[%emt 0:08:16] [#]} e6 $146 (14... Nxc4 $11 {remains equal.} 15. Qxc4 Rfb8) ({Predecessor:} 14... Nxc4 15. Qxc4 Rfb8 16. Na4 Qb7 17. Qe2 Nd7 18. Ra3 Qb5 19. c4 Qb7 20. Ba5 Bxb2 {0-1 (40) Del Rey,D (2270)-Malbran,G (2330) Buenos Aires 1992}) 15. dxe6 $16 {[%emt 0:02:47] White is more active.} fxe6 16. Nxd6 Nh5 $2 {[%emt 0:04:48] [#] This move loses the game for Black.} (16... Qxd6 $16 {keeps fighting.} 17. e5 Qc6) 17. e5 $18 Nf4 18. Qe4 Nfd5 19. f4 Kh8 20. Na4 Rab8 21. Ba5 {[%emt 0:04:24] Black must now prevent c4.} Qd7 $2 (21... Qa7 22. Nxb6 (22. Nxc5 Nd7 $11) 22... Nxb6 23. Bxb6 Qxb6) 22. Bxb6 {[%emt 0:01:27] White is clearly winning.} Nxb6 23. Nxc5 {[%emt 0:00:28] Pair of Knights!} Qe7 24. Nxa6 Rbd8 25. Nb4 {[%emt 0:00:40] [#] And now Nc6 would win.} Rxd6 26. exd6 Qxd6 27. Nd3 Nd5 28. Rae1 Nc7 29. h3 {[%emt 0:00:29] Weighted Error Value: White=0.20 (precise) /Black=0.61} 1-0

[Event "Croatian 1B League 2022"]
[Site "Porec"]
[Date "2022.10.01"]
[Round "8.9"]
[White "Kukurin, Luka"]
[Black "Cabarkapa, Novak"]
[Result "0-1"]
[ECO "B23"]
[WhiteElo "2089"]
[BlackElo "2433"]
[Annotator "TA"]
[PlyCount "92"]
[EventDate "2022.09.24"]
[EventType "team-tourn"]
[EventCountry "CRO"]
[SourceTitle "playchess.com"]
[Source "ChessBase"]
[SourceQuality "1"]
[TimeControl "40/5400+30:1800+30"]

1. e4 c5 2. Nc3 Nc6 3. Bb5 Nd4 4. Nf3 a6 5. Bd3 g6 6. Rb1 {[%emt 0:06:07] B23: Closed Sicilian: Lines without g3.} Nc6 7. a3 d6 8. b4 {[%emt 0:01:24] The position is equal.} Nf6 {[%emt 0:00:14] [#]} 9. Nd5 $146 ({Predecessor:} 9. bxc5 dxc5 10. Bb2 b5 11. e5 Nd5 12. Nxd5 Qxd5 13. Ng5 Be6 14. Be4 Qd7 15. Qf3 {1-0 (35) Guseinov,G (2660)-Ivic,V (2525) Batumi 2019}) 9... Bg7 10. Bb2 O-O 11. O-O Rb8 12. Re1 Be6 13. Ng5 Bd7 14. Nf3 b5 15. h3 Re8 16. Bf1 e5 17. c3 (17. Nxf6+ $11 Bxf6 18. c3) 17... Be6 ({Black should try} 17... Nxd5 $1 $15 18. exd5 Ne7) 18. Nxf6+ $1 $11 Qxf6 19. d3 Bc8 20. Bc1 Bb7 21. Bg5 Qe6 22. Be3 Qe7 23. Qd2 Nd8 24. Bh6 Bxh6 25. Qxh6 f6 (25... Ne6 {is interesting.} 26. c4 Nd4 27. bxc5 Nxf3+ 28. gxf3 Bc6) 26. h4 Nf7 27. Qe3 f5 28. exf5 gxf5 29. g3 (29. a4 $11) 29... Rbc8 ({Black should play} 29... Kh8 $15 30. bxc5 f4 31. gxf4 Rg8+ 32. Bg2 Qf6) 30. d4 cxd4 31. cxd4 Qf6 {[%emt 0:01:30] And now ...f4 would win.} 32. Rbc1 Rxc1 33. Rxc1 Bxf3 34. Qxf3 {[%emt 0:00:02] Strongly threatening Rc6.} e4 (34... exd4 $14 35. Qc6 Rf8) 35. Qh5 (35. Qf4 $16) 35... e3 36. fxe3 Rxe3 37. Rc8+ (37. Kh2 $1 $11) 37... Kg7 $15 38. Rc7 $2 {[%emt 0:00:23][%mdl 8192] [#] Now White is beyond hope.} (38. Kh2 $1 $11 {and White is okay.}) 38... Rxg3+ $19 39. Bg2 Qxd4+ 40. Kh2 $2 (40. Kf1 Qf6 41. Qd1) 40... Rg6 {[%emt 0:00:00] ( -> ...Qe5+)} 41. Qxf5 Qxh4+ 42. Kg1 Rf6 43. Qc2 {[%emt 0:00:52] [#]} (43. Qd3 $19 Qf2+ 44. Kh1) 43... Qd4+ {[%emt 0:06:51] Black mates.} 44. Kh2 Qf4+ 45. Kg1 Qe3+ 46. Kh2 Rh6+ {[%emt 0:00:04] Weighted Error Value: White=0.38/Black=0.10 (very precise)} 0-1

[Event "Croatian 1B League 2022"]
[Site "Porec"]
[Date "2022.10.01"]
[Round "8.10"]
[White "Vojak, Daniel"]
[Black "Grbac, Boris"]
[Result "1/2-1/2"]
[ECO "B76"]
[WhiteElo "2300"]
[BlackElo "2060"]
[Annotator "TA"]
[PlyCount "44"]
[EventDate "2022.09.24"]
[EventType "team-tourn"]
[EventCountry "CRO"]
[SourceTitle "playchess.com"]
[Source "ChessBase"]
[SourceQuality "1"]
[TimeControl "40/5400+30:1800+30"]

1. e4 c5 2. Nf3 d6 3. d4 cxd4 4. Nxd4 Nf6 5. Nc3 g6 6. Be3 Bg7 7. f3 O-O 8. g4 Nc6 9. Qd2 Be6 10. Nxe6 fxe6 11. O-O-O Ne5 12. Be2 Rc8 {[%emt 0:04:25] B76: Sicilian Dragon: Yugoslav Attack, 9 g4 and 9 0-0-0.} 13. h4 Qa5 14. h5 Nc4 {[%emt 0:00:26] White is slightly better.} 15. Bxc4 Rxc4 16. hxg6 Rfc8 (16... hxg6 $11 17. Bh6 Rfc8 18. Bxg7 Kxg7) 17. Bd4 {[%emt 0:18:03] [#]} ({White should play} 17. e5 $1 $16 Qxe5 18. Bd4 (18. Bxa7 Nd5 $17) 18... Rxd4 19. Qxd4 Qxd4 20. Rxd4 hxg6 21. Ra4) 17... hxg6 $146 ({Predecessor:} 17... e5 18. gxh7+ Kh8 19. Be3 b5 20. g5 Nd7 21. g6 Nc5 22. Bh6 Ne6 23. Qd5 Rxc3 24. Bxg7+ Nxg7 25. bxc3 {1-0 (43) Dorst,J-Hatarik,R Hessen 1994}) 18. Qh2 (18. Qe2 $11 {keeps the balance.}) 18... e5 $1 $17 19. Be3 ({Avoid the trap} 19. g5 $2 Nh5 20. Bf2 Rxc3 21. bxc3 Qxa2 $19) 19... Rxc3 20. bxc3 Qxc3 21. Qe2 {[%emt 0:00:58] [#]} Qa1+ (21... Nd5 $1 $17 {[%mdl 512] ( -> ...Qa3+)} 22. Rxd5 (22. exd5 $2 e4 $19) 22... Qa1+ 23. Kd2 Qxh1) 22. Kd2 $11 {[%emt 0:00:04] Really sharp!} Qc3+ {[%emt 0:00:41] Weighted Error Value: White=0.35/Black=0.26 (precise)} ({Don't play} 22... Qxa2 23. Qd3 $16) 1/2-1/2

[Event "Croatian 1B League 2022"]
[Site "Porec"]
[Date "2022.10.01"]
[Round "8.11"]
[White "Mainenti, Kevin"]
[Black "Cupic, Lovro"]
[Result "0-1"]
[ECO "C30"]
[WhiteElo "1910"]
[BlackElo "2216"]
[Annotator "TA"]
[PlyCount "56"]
[EventDate "2022.09.24"]
[EventType "team-tourn"]
[EventCountry "CRO"]
[SourceTitle "playchess.com"]
[Source "ChessBase"]
[SourceQuality "1"]
[TimeControl "40/5400+30:1800+30"]

1. f4 e5 2. fxe5 d6 3. e4 dxe5 4. Nf3 Be6 5. Nc3 Bc5 6. d3 {[%emt 0:06:04] C30: King's Gambit Declined.} ({White should play} 6. Nxe5 $14 Qd4 7. Nd3) 6... Nc6 {[%emt 0:00:15] [#]} 7. Bg5 $146 (7. Na4 $11 {keeps the balance.} Be7 8. Be2) ({Predecessor:} 7. Na4 Qd6 8. Nxc5 Qxc5 9. Qe2 f6 10. c3 Nge7 11. Be3 Qd6 12. Qc2 f5 13. Be2 {½-½ (44) Pietzsch,M (2073)-Dorsch,A Sebnitz 2002}) 7... f6 $17 8. Bh4 {[%emt 0:00:20] Black is better.} Nge7 9. Qd2 O-O 10. Bf2 (10. Na4 $15 Bd6 11. Bf2) 10... Qd6 11. Bxc5 Qxc5 12. O-O-O Nd4 13. Kb1 b5 14. Ne2 b4 {[%emt 0:03:25] Black has more active pieces. The white rooks are badly placed.} ({Much less strong is} 14... Nxc2 15. Rc1 $16) 15. Nfxd4 exd4 16. Nf4 Bf7 $40 {[%emt 0:00:11][%mdl 128] Black is out for blood.} 17. g4 Rab8 18. b3 Nc8 {[%emt 0:02:36][%cal Be7c8,Bc8d6,Bd6b5,Bb5c3][%mdl 32] Hoping for ...Nd6.} 19. h4 (19. Bh3 $17 {might work better.}) 19... Nd6 $19 20. a4 $2 (20. g5 {is a better defense.} Nb5 21. gxf6) 20... bxa3 {[%emt 0:00:14][%cal Of7b3] Strongly threatening ...Bxb3!} 21. Ka1 Nb5 22. g5 Nc3 23. Re1 {[%emt 0:00:42] [#]} (23. Rc1 fxg5 24. hxg5 Qxg5 25. Bh3 Bxb3 26. cxb3 Rxf4 27. Be6+ Kh8 28. Qh2) 23... Bxb3 $1 24. cxb3 Rxb3 {[%emt 0:00:10][%cal Bb8b3,Bb3b2,Bb2a2][%mdl 32] ( -> ...a2)} 25. Ne6 Qb6 {[%emt 0:00:04] Black mates.} 26. Bh3 Rb2 27. Qxc3 dxc3 28. Nxf8 {[%emt 0:00:05] [#]} Ra2+ $3 {[%emt 0:00:05][%mdl 512] Black took control after the opening.  Weighted Error Value: White=0.69/Black=0.09 (flawless)} 0-1

[Event "Croatian 1B League 2022"]
[Site "Porec"]
[Date "2022.10.01"]
[Round "8.12"]
[White "Novosel, Lovro"]
[Black "Popovic, Mirko"]
[Result "1-0"]
[ECO "D93"]
[WhiteElo "2274"]
[BlackElo "1903"]
[Annotator "TA"]
[PlyCount "79"]
[EventDate "2022.09.24"]
[EventType "team-tourn"]
[EventCountry "CRO"]
[SourceTitle "playchess.com"]
[Source "ChessBase"]
[SourceQuality "1"]
[TimeControl "40/5400+30:1800+30"]

1. Nf3 d5 2. c4 Nf6 3. d4 c6 4. Qc2 g6 5. Nc3 Bg7 6. Bf4 O-O 7. e3 Bf5 8. Qb3 Qb6 9. Be2 Nbd7 {[%emt 0:07:20] D93: Grünfeld: 4 Nf3 Bg7 5 Bf4 0-0 6 e3.} 10. h3 Qxb3 (10... h6 {is interesting.} 11. O-O dxc4 12. Bxc4 g5) 11. axb3 {[%emt 0:00:04] [#]} dxc4 $146 (11... h6 $14) ({Predecessor:} 11... a6 12. O-O h6 13. Rfc1 Rfc8 14. g4 Be6 15. Bg3 Nb6 16. Na4 Nxa4 17. bxa4 Ne4 {0-1 (38) Dlugy,M (2500)-Balog,I (2531) Chess.com INT 2015}) 12. bxc4 $16 Nb6 13. O-O Ne4 14. Ra3 Nxc3 15. bxc3 ({Resist} 15. Rxc3 $6 c5 $14) 15... Be6 16. Nd2 Bc8 17. Rb1 Nd7 18. c5 e5 19. Bh2 Re8 20. Bf3 Bf8 21. Ra4 f5 22. Nc4 e4 (22... a6 {is a better defense.} 23. Bg3 (23. Nxe5 Nxe5 24. Bxe5 Bxc5 $16) 23... Be7) 23. Be2 $18 Be7 24. Bd6 Bd8 25. Bf4 {[%emt 0:02:00] [#] Hoping for Nd6.} Be7 26. g4 Kg7 27. Kh2 Rf8 28. gxf5 gxf5 29. Bd6 Kf6 30. Ra2 Rg8 31. Bxe7+ Kxe7 32. Nd6 b5 33. Nxf5+ Kf6 34. Nd6 Ke7 35. Nxe4 Rf8 36. f4 Nf6 37. Nxf6 Kxf6 (37... Rxf6 $142 38. Rba1 a6) 38. Bf3 {[%emt 0:00:27] White is clearly winning.} Bf5 39. e4 Bd7 40. Rba1 {[%emt 0:00:36] White took control after the opening.  Weighted Error Value: White=0.16 (very precise) /Black=0.38} 1-0